 Dungeon Crawl Stone Soup version 0.17-a0-1976-g482a304 (webtiles) character file.

191 Kangaxx the Magician (level 5, 0/28 HPs)
             Began as a Deep Elf Wizard on Oct 5, 2015.
             Succumbed to poison (a potion of poison)
             ... on level 3 of the Dungeon.
             The game lasted 00:07:48 (2241 turns).

Kangaxx the Magician (Deep Elf Wizard)              Turns: 2241, Time: 00:07:48

Health: 0/28       AC:  3    Str:  9    XL:     5   Next: 41%
Magic:  3/14       EV: 17    Int: 24    God:
Gold:   115        SH:  0    Dex: 16    Spells: 5 memorised, 3 levels left

rFire  . . .     SeeInvis .     (no weapon)
rCold  . . .     Clarity  .     a - +0 robe
rNeg   . . .     SustAt   .     (no shield)
rPois  .         Gourm    .     b - +0 hat
rElec  .         Spirit   .     (no cloak)
rCorr  .         Warding  .     j - +0 pair of gloves {Dex+3}
rMut   .         Stasis   .     (no boots)
MR     .....                    (no amulet)
Stlth  +++.......               (no ring)
                                e - +4 ring of evasion

@: mighty, lethally poisoned (0 -> -8), not resistant to hostile enchantments,
fairly stealthy
A: no striking features
a: no special abilities


You were on level 3 of the Dungeon.
You were not hungry.

You visited 1 branch of the dungeon, and saw 3 of its levels.

You collected 115 gold pieces.

Inventory:

Missiles
 k - 15 silver bolts
 m - 7 needles of paralysis
Armour
 a - a +0 robe (worn)
 b - a +0 hat (worn)
 j - a +0 pair of gloves of dexterity (worn)
Jewellery
 e - a +4 ring of evasion (left hand)
 p - an uncursed ring of flight {unknown}
Scrolls
 g - a scroll of enchant weapon {unknown}
 h - a scroll of amnesia {unknown}
 i - 2 scrolls of identify {unknown}
 l - a scroll of blinking {unknown}
Potions
 f - a potion of heal wounds {unknown}
 n - a potion of poison
 r - a potion of might
 s - a potion of brilliance {unknown}
Books
 c - a book of Minor Magic

   Spells                             Type                      Level
   a - Magic Dart                     Conjuration                  1
   b - Blink                          Translocation                2
   c - Call Imp                       Summoning                    2
   d - Repel Missiles                 Charms/Air                   2
   e - Slow                           Hexes                        2
   f - Conjure Flame                  Conjuration/Fire             3
   g - Mephitic Cloud                 Conjuration/Poison/Air       3
Comestibles
 d - a bread ration
 o - 3 meat rations
 q - 2 chunks of flesh


   Skills:
 + Level 3.3 Dodging
 + Level 3.4 Stealth
 + Level 5.2 Spellcasting
 * Level 3.2 Conjurations
 + Level 1.3 Charms
   Level 1.1 Summonings
 + Level 1.5 Translocations
 + Level 1.0 Fire Magic
 + Level 1.3 Air Magic
 + Level 0.4 Poison Magic


You had 3 spell levels left.
You knew the following spells:

 Your Spells              Type           Power        Failure   Level  Hunger
a - Magic Dart            Conj           ###.         1%          1    None
b - Blink                 Tloc           N/A          10%         2    None
c - Repel Missiles        Chrm/Air       ##....       10%         2    None
e - Conjure Flame         Conj/Fire      ###.....     14%         3    ##.....
h - Mephitic Cloud        Conj/Pois/Air  ##......     17%         3    ##.....


Dungeon Overview and Level Annotations

Branches:
Dungeon (3/15)

Altars:
Gozag
Kikubaaqudgha


Message History

Okay, then.
Casting: Magic Dart
Confirm with . or Enter, or press ? or * to list all spells.
You don't have enough magic to cast that spell.
Unknown command.
Casting: Magic Dart
Confirm with . or Enter, or press ? or * to list all spells.
You don't know that spell.
Unknown command.
Drink which item? (? for menu, Esc to quit)
It was a potion of poison.
That liquid tasted very nasty...
You are lethally poisoned!
* * * LOW HITPOINT WARNING * * *
You feel sick.
The orc priest hits you but does no damage.
Drink which item? (? for menu, Esc to quit)
It was a potion of might.
You feel very mighty all of a sudden.
You die...

....## #..# #.# #######
...## ##.# #.# #.##
#.###.# ..##
#######..##.## ...#
.............#
##.############.##.####
#.ยง......o............+
#..o.o......####o#.####
#.#########.# #@#.#
#..5.o.oo #.# #...# ..
######### #.# ##..###
#.... #.# #....## #....
#.# #.>...# #.... #+#
##....# #....
#....#######....
#.........####..
#......(..).....


You could see an orc priest.

Vanquished Creatures
  The ghost of twist the Cutter, an amateur MfAr (D:3)
  2 adders (D:2)
  A shadow imp (D:3)
  2 oozes
  4 worms
  2 giant geckos
  2 orcs (D:3)
  A ball python (D:1)
  10 bats
  5 giant cockroaches
  7 goblins
  3 hobgoblins (D:2)
  8 giant newts
  2 jackals (D:1)
  9 kobolds
  8 rats
67 creatures vanquished.

Notes
Turn   | Place    | Note
--------------------------------------------------------------
     0 | D:1      | Kangaxx the Deep Elf Wizard began the quest for the Orb.
     0 | D:1      | Reached XP level 1. HP: 10/10 MP: 7/7
   124 | D:1      | Reached XP level 2. HP: 15/15 MP: 0/9
   457 | D:1      | Reached XP level 3. HP: 19/19 MP: 0/11
   885 | D:2      | Reached skill level 5 in Spellcasting
   894 | D:2      | Learned a level 2 spell: Blink
   897 | D:2      | Learned a level 2 spell: Repel Missiles
   901 | D:2      | Learned a level 3 spell: Mephitic Cloud
   905 | D:2      | Learned a level 3 spell: Conjure Flame
  1082 | D:2      | Found an opulent altar of Gozag.
  1286 | D:2      | Reached XP level 4. HP: 22/24 MP: 0/13
  1874 | D:3      | Noticed twist's ghost (amateur MfAr)
  2013 | D:3      | Killed twist's ghost
  2013 | D:3      | Reached skill level 1 in Air Magic
  2013 | D:3      | Reached XP level 5. HP: 21/28 MP: 0/14
  2104 | D:3      | Reached skill level 1 in Charms
  2186 | D:3      | Found an ancient bone altar of Kikubaaqudgha.
  2228 | D:3      | Reached skill level 1 in Fire Magic
  2240 | D:3      | HP: 1/28 [poison (a potion of poison)]
  2241 | D:3      | Succumbed to poison (a potion of poison)

Vault maps used:
D:1:      dpeg_arrival_stonehenge_8_columns, st_stairs_5, interstate_on_off,
          minmay_ruptured
D:2:      lemuel_doored_altar, minmay_statues_item
D:3:      lemuel_round_altar, okawaru_altar_gauntlet_db

Action                   |  1- 3 |  4- 6 || total
-------------------------+-------+-------++-------
Melee: Unarmed           |    12 |       ||    12
 Cast: Magic Dart        |   101 |    61 ||   162
       Conjure Flame     |     2 |     3 ||     5
       Mephitic Cloud    |       |     1 ||     1
  Use: Potion            |       |     2 ||     2
  Eat: Chunk             |     1 |     3 ||     4
